 Dungeon Crawl Stone Soup version 0.26-a0-808-g930a2b7adc (webtiles) character file.

Game seed: 2024761636457473141

10686 Kinoniko the Severer (level 11, -6/91 HPs)
             Began as a Hill Orc Monk on Nov 12, 2020.
             Was a High Priest of Kikubaaqudgha.
             Mangled by an iron imp (9 damage)
             ... summoned by a kobold demonologist
             ... on level 11 of the Dungeon.
             The game lasted 00:18:51 (9817 turns).

Kinoniko the Severer (Hill Orc Monk)                Turns: 9817, Time: 00:18:51

Health: -6/91      AC: -11   Str: 15    XL:     11   Next: 66%
Magic:  37/37      EV: 10    Int: 15    God:    Kikubaaqudgha [*****.]
Gold:   528        SH:  0    Dex: 13    Spells: 13/21 levels left

rFire    . . .     SeeInvis .   v - +5 battleaxe (freeze)
rCold    . . .     Faith    .   (shield currently unavailable)
rNeg     . . .     Spirit   .   G - +0 scale mail of Tesiepux {rCorr MP+9 Int+2}
rPois    .         Reflect  .   l - +2 helmet
rElec    .         Harm     .   e - +1 cloak
rCorr    +         Rampage  .   j - +0 pair of gloves
MR       .....                  s - +0 pair of boots
Stlth    ..........             h - amulet of regeneration
HPRegen  0.65/turn              p - ring of magical power
MPRegen  0.25/turn              x - ring of flight

@: corroded, lightly drained
A: no striking features
a: Receive Corpses, Torment, Renounce Religion, Evoke Flight


You were on level 11 of the Dungeon.
You worshipped Kikubaaqudgha.
Kikubaaqudgha was extremely pleased with you.
You visited 2 branches of the dungeon, and saw 12 of its levels.
You also visited: Sewer and Ossuary.

You collected 528 gold pieces.

Inventory:

Hand Weapons
 v - a +5 battleaxe of freezing (weapon)
 D - a +3 war axe of flaming
Armour
 e - a +1 cloak (worn)
 j - a +0 pair of gloves (worn)
 l - a +2 helmet (worn)
 s - a +0 pair of boots (worn)
 A - a scarf of invisibility
 G - the +0 scale mail of Tesiepux (worn) {rCorr MP+9 Int+2}
   (You found it on level 5 of the Dungeon)

   It affects your intelligence (+2).
   It affects your magic capacity (+9).
   It provides partial protection from all sources of acid and corrosion.
Jewellery
 a - an uncursed amulet of magic regeneration
 h - an amulet of regeneration (around neck)
 m - an uncursed amulet of the acrobat
 p - a ring of magical power (left hand)
 x - a ring of flight (right hand)
Wands
 r - a wand of digging (9)
 w - a wand of disintegration (27)
 y - a wand of acid (6)
Scrolls
 b - a scroll of magic mapping
 f - 3 scrolls of blinking
 k - a scroll of identify
 n - 6 scrolls of teleportation
 o - a scroll of fear
 u - 2 scrolls of remove curse
 C - 2 scrolls of fog
Potions
 c - a potion of flight
 d - 2 potions of ambrosia
 i - a potion of might
 q - 4 potions of invisibility
 t - 2 potions of brilliance
 z - 2 potions of magic


   Skills:
 + Level 6.5(6.2) Fighting
 * Level 15.9(15.4) Axes
 - Level 2.4(2.1) Dodging
 - Level 1.5(1.2) Stealth
 + Level 5.5(5.2) Spellcasting
 * Level 9.6(9.2) Necromancy


You had 13 spell levels left.
You knew the following spells:

 Your Spells              Type           Power        Failure   Level
a - Pain                  Necr           ####         1%          1
b - Animate Dead          Necr           ####......   16%         4
c - Vampiric Draining     Necr           ####......   4%          3

Your spell library contained the following spells:

 Spells                   Type           Power        Failure   Level
 Sublimation of Blood     Necr           ####......   2%          2
 Corpse Rot               Necr/Air       N/A          16%         2
 Dispel Undead            Necr           ####....     16%         4
 Excruciating Wounds      Necr           ####......   38%         5
 Corona                   Hex            #......      56%         1
 Ensorcelled Hibernation  Hex/Ice        #.....       71%         2
 Confusing Touch          Hex            #.......     90%         3
 Dazzling Flash           Conj/Hex       #.....       90%         3
 Tukima's Dance           Hex            #.......     90%         3
 Death Channel            Necr           ####......   93%         6
 Borgnjor's Vile Clutch   Necr/Erth      ###.......   95%         5


Dungeon Overview and Level Annotations

Branches:
Dungeon (11/15)            Temple (1/1) D:4            Lair (0/6) D:10
  Sewer (visited)         Ossuary (visited)
    Orc: D:9-12

Altars:
Dithmenos
Elyvilon
Gozag
Hepliaklqana
Kikubaaqudgha
Nemelex Xobeh
Okawaru
Ru
Trog
Xom

Shops:
D:8 ((=[(   D:9 *

Annotations:
D:3 2 transporters, confidenceinterval's ghost, amateur GnWn
D:6 3 runed translucent doors, Kinoniko's ghost, novice HaFi
D:8 2 transporters, Morbidden's ghost, novice DsTm


Message History

The rust devil corrodes you! The iron imp hits you!
* * * LOW HITPOINT WARNING * * *
You feel better.
The soul eater draws from the surrounding life force!
* * * LOW HITPOINT WARNING * * *
The soul eater is healed.
A white ugly thing comes into view.
The rust devil hits you!
* * * LOW HITPOINT WARNING * * *
The iron imp barely misses you. The iron imp closely misses you.
Unknown command.
You feel better.
The white ugly thing gurgles horribly!
The soul eater draws from the surrounding life force!
* * * LOW HITPOINT WARNING * * *
The soul eater is healed.
The rust devil hits you.
* * * LOW HITPOINT WARNING * * *
The rust devil corrodes you! The iron imp hits you!
You die...
Kikubaaqudgha rasps: "You have failed me!
Welcome... death!"

.. #.. #.K. #...#
...>.# ### #
......######.##.#
.......3......#.###
..K...5@5(...u.....
......4####...#.##
....... ###..#.#
.....#. #..)...#
#...##.###.##.###
##+# #........#
#####.#### #.# ###
#.#


You could see a white ugly thing, a soul eater (summoned), a rust devil
(summoned), a kobold demonologist (fleeing), a big kobold (fleeing) and 2 iron
imps.

Vanquished Creatures
  Erolcha (D:9)
  Erica (D:8)
  A two-headed ogre (D:9)
  A centaur skeleton (D:9)
  Maggie (D:8)
  2 trolls (D:10)
  13 yaks
  A wraith (D:11)
  A wyvern (D:9)
  Menkaure (D:7)
  A water moccasin (D:10)
  6 orc warriors
  3 ice beasts
  9 ogres
  4 sky beasts
  A phantom (D:10)
  3 wolves (D:10)
  2 centaurs
  2 big kobolds
  An elf zombie (Ossuary)
  6 bullfrogs
  A scorpion (D:4)
  11 killer bees (D:9)
  3 wights (D:9)
  3 howler monkeys
  3 jellies
  2 bullfrog skeletons (D:5)
  5 centaur zombies
  Crazy Yiuf (D:2)
  A bullfrog zombie (D:5)
  8 hounds
  A human zombie (Ossuary)
  2 orc priests (D:7)
  8 orc wizards
  4 iguanas
  5 worker ants
  4 hound zombies
  A hound skeleton (D:5)
  3 mummies (Ossuary)
  6 gnolls (D:4)
  A howler monkey zombie (D:5)
  2 river rats (Sewer)
  9 adders
  3 howler monkey skeletons
  A shadow imp (D:5)
  A white imp (D:8)
  An ufetubus (D:9)
  5 adder zombies
  An adder skeleton (D:6)
  4 worms
  2 dart slugs
  8 leopard geckos
  34 orcs
  6 giant cockroaches
  2 gnoll zombies (Ossuary)
  11 goblins
  6 hobgoblins
  6 jackals
  21 kobolds
  3 quokkas
  5 ball pythons
  9 bats
  12 frilled lizards
  3 hobgoblin zombies (Ossuary)
  4 jackal zombies
  6 kobold zombies (Ossuary)
  2 orc zombies (Ossuary)
  5 quokka zombies (Ossuary)
  11 rats
  2 rat zombies (Ossuary)
319 creatures vanquished.

Vanquished Creatures (collateral kills)
  An electric eel (D:10)
  A hound (D:10)
  An adder skeleton (D:10)
  2 kobolds (D:10)
5 creatures vanquished.

Vanquished Creatures (others)
  An orc (D:10)
  A kobold (D:10)
  2 plants (D:4)
4 creatures vanquished.

Grand Total: 328 creatures vanquished

Notes
Turn   | Place    | Note
-------+----------+-------------------------------------------
     0 | D:1      | Kinoniko the Hill Orc Monk began the quest for the Orb.
     0 | D:1      | Reached XP level 1. HP: 19/19 MP: 1/1
   286 | D:1      | Reached XP level 2. HP: 24/26 MP: 2/2
   490 | D:1      | Reached skill level 5 in Axes
  1024 | D:1      | Reached XP level 3. HP: 31/31 MP: 3/3
  1516 | D:2      | Reached skill level 6 in Axes
  1676 | D:2      | Found a runed translucent door.
  1677 | D:2      | Noticed Crazy Yiuf
  2033 | D:2      | Killed Crazy Yiuf
  2033 | D:2      | Reached XP level 4. HP: 31/39 MP: 4/4
  2128 | D:3      | Found a transporter.
  2132 | D:3      | Found a glowing drain.
  2139 | D:3      | Reached skill level 7 in Axes
  2148 | Sewer    | Entered a sewer
  2213 | Sewer    | Reached XP level 5. HP: 45/45 MP: 5/5
  2510 | D:3      | Found a transporter.
  2510 | D:3      | Noticed confidenceinterval's ghost (amateur GnWn)
  2510 | D:3      | Noticed a phantom
  2645 | D:3      | You fall into a shaft and drop 1 floor!
  2773 | D:3      | Reached skill level 8 in Axes
  3068 | D:4      | Noticed an ogre
  3080 | D:4      | Killed an ogre
  3080 | D:4      | Reached skill level 9 in Axes
  3080 | D:4      | Reached XP level 6. HP: 27/51 MP: 6/6
  3252 | D:4      | Found a shimmering altar of Xom.
  3349 | D:4      | Found a staircase to the Ecumenical Temple.
  3370 | Temple   | Entered the Ecumenical Temple
  3375 | Temple   | Became a worshipper of Kikubaaqudgha
  3375 | Temple   | Reached * piety under Kikubaaqudgha
  3375 | Temple   | Identified Kikubaaqudgha's Almanac of Dark Rituals
                  | (Kikubaaqudgha gifted it to you in the Ecumenical Temple)
  3375 | Temple   | Received a gift from Kikubaaqudgha
  3375 | Temple   | Reached ** piety under Kikubaaqudgha
  3379 | Temple   | Learned a level 1 spell: Pain
  3391 | D:4      | Reached skill level 10 in Axes
  3397 | D:4      | Reached XP level 7. HP: 57/57 MP: 7/7
  3751 | D:5      | Entered Level 5 of the Dungeon
  3816 | D:5      | Found a sand-covered staircase.
  3823 | Ossuary  | Entered an ossuary
  3846 | Ossuary  | Reached skill level 1 in Necromancy
  3875 | Ossuary  | Reached skill level 1 in Spellcasting
  3969 | Ossuary  | Reached *** piety under Kikubaaqudgha
  3969 | Ossuary  | Identified Kikubaaqudgha's Tome of Unholy Arts
                  | (Kikubaaqudgha gifted it to you in an ossuary)
  3969 | Ossuary  | Received a gift from Kikubaaqudgha
  3976 | Ossuary  | Learned a level 4 spell: Animate Dead
  4038 | Ossuary  | Reached skill level 11 in Axes
  4081 | Ossuary  | Reached XP level 8. HP: 39/64 MP: 10/10
  4203 | D:5      | Got a spiked scale mail
  4216 | D:5      | Identified the cursed +0 scale mail of Tesiepux {rCorr MP+9
                  | Int+2} (You found it on level 5 of the Dungeon)
  4303 | D:5      | Learned a level 3 spell: Vampiric Draining
  4989 | D:6      | Reached skill level 12 in Axes
  5058 | D:6      | Noticed Kinoniko's ghost (novice HaFi)
  5095 | D:6      | Reached XP level 9. HP: 66/70 MP: 13/13
  5194 | D:6      | Found a sparkling altar of Nemelex Xobeh.
  5214 | D:6      | Found a runed translucent gate.
  5214 | D:6      | Found a runed translucent gate.
  5215 | D:6      | Found a runed translucent gate.
  5684 | D:7      | Reached **** piety under Kikubaaqudgha
  5869 | D:7      | Reached skill level 5 in Necromancy
  5877 | D:7      | Reached skill level 13 in Axes
  5943 | D:7      | Noticed Menkaure
  5951 | D:7      | Killed Menkaure
  6019 | D:7      | Found a sacrificial altar of Ru.
  6074 | D:7      | Found an opulent altar of Gozag.
  6267 | D:8      | Found Noepou's Antique Armour Boutique.
  6271 | D:8      | Noticed Erica
  6283 | D:8      | Killed Erica
  6283 | D:8      | Reached XP level 10. HP: 34/77 MP: 16/16
  6438 | D:8      | Found Meipua's Weapon Boutique.
  6462 | D:8      | Found a transporter.
  6505 | D:8      | Reached skill level 14 in Axes
  6599 | D:8      | Noticed Maggie
  6616 | D:8      | Killed Maggie
  6909 | D:8      | Found a transporter.
  6912 | D:8      | Noticed Morbidden's ghost (novice DsTm)
  7055 | D:8      | Found Zangel's Weapon Shoppe.
  7137 | D:8      | Found Rodacrey's Antique Weapon Shoppe.
  7266 | D:8      | Found Emaod's Jewellery Shop.
  7618 | D:9      | Reached ***** piety under Kikubaaqudgha
  7674 | D:9      | Found an iron altar of Okawaru.
  7697 | D:9      | Noticed Erolcha
  7704 | D:9      | Killed Erolcha
  7704 | D:9      | Reached skill level 5 in Fighting
  7894 | D:9      | Found a white marble altar of Elyvilon.
  7931 | D:9      | Noticed a two-headed ogre
  7940 | D:9      | Found Edwehuve's General Store.
  7956 | D:9      | Killed a two-headed ogre
  7956 | D:9      | Reached skill level 15 in Axes
  7956 | D:9      | Reached XP level 11. HP: 61/88 MP: 18/18
  7970 | D:9      | Reached skill level 5 in Spellcasting
  8502 | D:10     | Entered Level 10 of the Dungeon
  9561 | D:10     | Found a staircase to the Lair.
  9812 | D:11     | Noticed a soul eater
  9816 | D:11     | Noticed a white ugly thing
  9817 | D:11     | HP: 4/91 [soul eater/drain life[a kobold demonologist]
                  | (14)]
  9817 | D:11     | Mangled by an iron imp

Illustrated notes

Levels and vault maps discovered:
D:1:      eino_arrival_druids_welcome, layout_loops_ring
D:2:      layout_loops_ring, minmay_heptomino_w4, uniq_crazy_yiuf_cottage
D:3:      layout_loops_ring, gammafunk_ghost_mausoleum, portal_sewer_entry_d
D:4:      layout_rooms, minmay_temple_entry_waves, serial_forest,
          infiniplex_forest_diagonal, infiniplex_forest_clump_double,
          infiniplex_forest_fountain, infiniplex_forest_straight_2,
          infiniplex_forest_clump_cross, infiniplex_forest_end_double,
          infiniplex_forest_end_1, infiniplex_forest_straight_3, tgw_xom
D:5:      minmay_chambers_of_threes, layout_loops_cross,
          nicolae_ossuary_entry_monument
D:6:      layout_basic, gammafunk_ghost_icy, nemelex_lonely_heart_becter
D:7:      layout_rooms, grunt_gozag_statues,
          nicolae_ru_great_annihilating_truth, uniq_menkaure
D:8:      layout_basic, gammafunk_ghost_mausoleum, serial_shops,
          nicolae_shop_behind_doors, kennysheep_mini_moat, nicolae_shop_stone,
          kennysheep_mini, shop_fountains, minmay_fractal_squares_diagonal_5,
          uniq_erica, uniq_maggie
D:9:      layout_irregular_city, kennysheep_okawaru_gauntlet, serial_shops,
          nicolae_shop_statue_plus, elyvilon_altar_1, uniq_erolcha
D:10:     layout_loops_ring, erik_lair_island
D:11:     layout_loops_corners, hiddenorc1_lemuel, special_room
          [special_room_orc]
Temple:   regret_index_temple_chain_breaker

Skill      XL: |  1  2  3  4  5  6  7  8  9 10 11 |
---------------+----------------------------------+-----
Axes           | 5 6 7 9 10 11 12 13 15 | 15.9
Necromancy     | 2 4 6 8 9 |  9.6
Spellcasting   | 1 2 4 5 |  5.5
Fighting       | 5 6 |  6.5
Dodging        | |  2.4
Stealth        | |  1.5

Action                   |  1- 3 |  4- 6 |  7- 9 | 10-12 || total
-------------------------+-------+-------+-------+-------++-------
Melee: Hand axe          |   131 |   145 |    14 |       ||   290
       War axe           |       |       |   284 |   106 ||   390
       Battleaxe         |       |       |       |   224 ||   224
 Cast: Pain              |       |       |       |     3 ||     3
       Animate Dead      |       |       |       |     5 ||     5
       Vampiric Draining |       |       |       |     2 ||     2
  Use: Scroll            |     1 |     3 |    17 |     5 ||    26
       Potion            |       |     3 |     6 |    14 ||    23
 Stab: Sleeping          |     1 |       |       |       ||     1
       Paralysed         |       |       |     1 |       ||     1
Armor: Robe              |     3 |       |       |       ||     3
       Leather armour    |    15 |       |       |       ||    15
       Plate armour      |    41 |    95 |    75 |       ||   211
       Scale mail        |       |       |    72 |   133 ||   205
Dodge: Dodged            |    45 |    30 |    82 |   148 ||   305

Table legend: (Time is in decaauts)
 A = Elapsed time spent in this place.
 B = Non-inter-level travel time spent in this place.
 C = Inter-level travel time spent in this place.
 D = Time resting spent in this place.
 E = Time spent auto-exploring this place.
 F = Levels seen in this place.
 G = Mean time per level.
                   A        B        C        D        E       F      G
               +--------+--------+--------+--------+--------+-----+--------+
         Total |   9794 |   9247 |    547 |    964 |   6114 |  14 |  699.6 |
       Dungeon |   9040 |   8493 |    547 |    964 |   5644 |  11 |  821.8 |
        Temple |     14 |     14 |      0 |      0 |      0 |   1 |   14.0 |
         Sewer |    400 |    400 |      0 |      0 |    288 |   1 |  400.0 |
       Ossuary |    338 |    338 |      0 |      0 |    182 |   1 |  338.0 |
               +--------+--------+--------+--------+--------+-----+--------+

Top non-repeatable levels by time:
    D:10: 1249 daAuts
     D:1: 1216 daAuts
     D:8: 1133 daAuts
     D:9: 1097 daAuts
     D:6: 890 daAuts
     D:2: 885 daAuts
     D:5: 776 daAuts
     D:4: 684 daAuts
     D:3: 587 daAuts
     D:7: 466 daAuts
   Sewer: 400 daAuts
 Ossuary: 338 daAuts
    D:11: 53 daAuts
  Temple: 14 daAuts
